Cogmind - Beta 14 @@@ ROGUE MODE // 2024.08.07 @ 14:06:12 Player: Minty Result: Destroyed by Y-45 Defender with Beam Rifle Performance ------------- Evolutions (1) 500 Regions Visited (2) 400 Robots Destroyed (19) 95 Value Destroyed (390) 390 Prototype IDs (7) 140 Alien Tech Used (0) 0 Bonus (0) 0 TOTAL SCORE: 1525 Bonus ------- None Cogmind --------- Core Integrity 0/400 Matter 300/300 Energy 99/100 System Corruption 0% Temperature Cool (15) Movement Core (50) Location -9/Materials Parts ------- > --- POWER (1) -------- (None) > --- PROPULSION (3) --- (None) > --- UTILITY (3) ------ Improved Targeting Computer Hacking Suite Hacking Suite > --- WEAPON (2) ------- Mining Claw > --- INVENTORY (5) ---- Light Ion Engine Light Treads Wheel Small Storage Unit Large Matter Pod (150) Peak State ------------ > --- POWER ------------ Improved Ion Engine > --- PROPULSION ------- Aluminum Leg Aluminum Leg Improved Aluminum Leg > --- UTILITY ---------- Improved Targeting Computer Hacking Suite Hacking Suite > --- WEAPON ----------- Assault Rifle Mining Claw > --- INVENTORY -------- Light Ion Engine Light Treads Wheel Small Storage Unit Large Matter Pod [Rating: 16] Favorites ----------- Power Ion Engine Engine Ion Engine Propulsion Wheel Leg Aluminum Leg Wheel Wheel Utility Hacking Suite Storage Small Storage Unit Processor Improved Targeting Computer Hackware Hacking Suite Weapon EM Pulse Gun Energy Gun EM Pulse Gun Ballistic Gun Assault Rifle Slashing Weapon Mining Claw Build | -11 -10 -9 ------- Run | Yrd Mat Mat Slots Evolved 2 | . . 2 Power . | . . . Propulsion 1 | . . 1 Utility 1 | . . 1 Weapon . | . . . Parts Attached 17 | . 6 11 Power 1 | . . 1 Engine 1 | . . 1 Core . | . . . Reactor . | . . . Propulsion 10 | . 4 6 Treads . | . . . Leg 4 | . . 4 Wheel 6 | . 4 2 Hover . | . . . Flight . | . . . Utility 3 | . 1 2 Device . | . . . Storage . | . . . Processor 1 | . . 1 Hackware 2 | . 1 1 Protection . | . . . Artifact . | . . . Weapon 3 | . 1 2 Energy Gun 1 | . 1 . Energy Cannon . | . . . Ballistic Gun 1 | . . 1 Ballistic Cannon . | . . . Launcher . | . . . Special Weapon . | . . . Impact Weapon . | . . . Slashing Weapon 1 | . . 1 Piercing Weapon . | . . . Special Melee Weapon . | . . . Unidentified Prototypes . | . . . Corrupted Parts 1 | . 1 . System Corruption 4 | . 4 . Parts Lost 11 | . 1 10 Power 2 | . . 2 Propulsion 6 | . . 6 Utility . | . . . Weapon 3 | . 1 2 Highest Loss Streak 5 | . 1 5 To Critical Strikes . | . . . Average Slot Usage (%) 85 | . 84 88 Engine 13 | . 14 9 Leg 9 | . 6 20 Wheel 18 | . 21 6 Storage 11 | . 14 1 Processor 2 | . . 9 Hackware 11 | . 9 22 Energy Gun 15 | . 18 2 Ballistic Gun 1 | . . 8 Slashing Weapon 1 | . . 6 Peak Build Rating 16 | 6 9 16 Average Rating 9 | 6 8 14 On Entrance 7 | 6 6 9 Naked Turns . | . . . Heaviest Build 14 | 14 14 12 Greatest Support 48 | 20 26 48 Greatest Overweight (x) 2 | . 1 2 Average Overweight (x) . | . . . Largest Inventory Capacity 8 | 8 8 8 Average Capacity 7 | 8 8 5 Most Carried 8 | 6 8 7 Average Carried 7 | 6 7 5 Final Capacity 8 | 8 8 5 Final Carried 8 | 6 8 5 Class Distribution -------------------- 80% | Mutant 13% | Scavenger-Mutant 6% | Hacker-Mutant Dominant Class ---------------- Mutant | -10/Materials Scavenger-Mutant | -9/Materials Resources | -11 -10 -9 ----------- Run | Yrd Mat Mat Matter Collected 523 | 200 206 117 Remotely . | . . . Salvage Created 645 | . 473 172 Parts 47 | . 41 6 Haulers Intercepted 1 | . 1 . Recyclers Shooed 1 | . 1 . Parts Field Recycled . | . . . Retrieved Matter . | . . . Parts Self-Destructed . | . . . Prevented . | . . . Kills | -11 -10 -9 ------- Run | Yrd Mat Mat Combat Hostiles Destroyed 10 | . 8 2 Guns 7 | . 5 2 AOE 3 | . 3 . Classes Destroyed 9 | . 7 2 Worker 1 | . 1 . Builder 2 | . 2 . Hauler 1 | . 1 . Recycler 1 | . . 1 Operator 2 | . 2 . Watcher 2 | . 2 . Swarmer 3 | . 3 . Grunt 6 | . 5 1 Duelist 1 | . . 1 Best Kill Streak 8 | . 8 2 Combat Bots Only 4 | . 4 2 Max Kills in Single Turn 2 | . 2 1 Gunslinging . | . . . Exploded 2 | . 2 . Melee . | . . . Uniques/NPCs Destroyed . | . . . Combat | -11 -10 -9 -------- Run | Yrd Mat Mat Hostile Shots Fired 100 | . 43 57 Missed 22 | . 17 5 Damage Taken 1188 | . 263 925 Core 448 | . 38 410 Absorbed by Shields . | . . . Core Remaining (%) 92 | 100 84 . Volleys Fired 62 | . 52 10 Largest 2 | . 2 2 Hottest 80 | . 80 60 Shots Fired 106 | . 91 15 Gun 106 | . 91 15 Cannon . | . . . Launcher . | . . . Special . | . . . Kinetic 9 | . . 9 Thermal . | . . . Explosive . | . . . Electromagnetic 97 | . 91 6 Robot Hit Streak 12 | . 7 12 Robot Miss Streak 9 | . 9 1 Penetration Max . | . . . Secondary Targets . | . . . Shots Hit Robots 65 | . 48 17 Core Hits 27 | . 21 6 Critical Kills . | . . . Critical Parts Destroyed . | . . . Critical Strikes 2 | . 2 . Corrupt 2 | . 2 . Melee Attacks 10 | . . 10 Impact . | . . . Slashing 10 | . . 10 Piercing . | . . . Sneak Attacks 1 | . . 1 Combat Hostiles . | . . . Follow-up Attacks . | . . . Damage Inflicted 1129 | . 874 255 Guns 831 | . 675 156 Cannons . | . . . Explosions 196 | . 196 . Melee 99 | . . 99 Ramming 3 | . 3 . Kinetic 102 | . . 102 Thermal 196 | . 196 . Explosive . | . . . Electromagnetic 729 | . 675 54 Impact . | . . . Slashing 99 | . . 99 Piercing . | . . . Highest Corruption 4 | . 4 . Average Corruption 4 | . 4 . Corruption Purged . | . . . Corruption Blocked . | . . . Effects 10 | . 10 . Message Errors 2 | . 2 . Matter Fused 2 | . 2 . Heat Flow Errors 2 | . 2 . Energy Discharges 2 | . 2 . Data Loss (minor) 1 | . 1 . Misfires 1 | . 1 . Overload Shots . | . . . Overflow Damage . | . . . Projectiles . | . . . Explosions . | . . . Melee . | . . . Knockbacks . | . . . Impact . | . . . Kinetic . | . . . Secondary . | . . . Self-Inflicted Damage . | . . . Shots . | . . . Rammed 1 | . . 1 Targets Rammed 3 | . 2 1 Kicked 2 | . 2 . Crushed . | . . . Highest Temperature 263 | . 263 9 Average Temperature 64 | . 66 4 Received Heat Transfer 321 | . 90 231 Siege Activations . | . . . Robots Corrupted . | . . . Combat Hostiles . | . . . Parts Fried 3 | . 3 . Impact Corruptions . | . . . Robots Melted . | . . . Combat Hostiles . | . . . Parts Melted 1 | . 1 . Heat Transferred 400 | . 400 . Parts Sabotaged . | . . . Parts Stolen . | . . . Parts Stripped . | . . . Power Chain Reactions 3 | . 3 . Alert | -11 -10 -9 ------- Run | Yrd Mat Mat Peak Influence 416 | . 416 101 Initial 91 | . . 91 Average 191 | . 218 90 Maximum Alert Level 2 | . 2 . Low Security (%) 37 | 100 21 100 Level 1 56 | . 71 . Level 2 5 | . 7 . Level 3 . | . . . Level 4 . | . . . Level 5 . | . . . High Security . | . . . Max Security . | . . . Squads Dispatched 1 | . 1 . Investigation 1 | . 1 . Extermination . | . . . Reinforcement . | . . . Assault . | . . . Garrison . | . . . Intercept . | . . . Searches Triggered . | . . . Construction Impeded . | . . . Haulers Reinforced . | . . . Active Scanning Responses . | . . . Cargo Convoy Interrupts . | . . . Stealth | -11 -10 -9 --------- Run | Yrd Mat Mat Distress Signals 3 | . 1 2 Communications Jammed . | . . . Distress Signals . | . . . Times Spotted 25 | . 17 8 Peak Tracking Total 7 | . 5 7 Tactical Retreats 1 | . 1 . Traps | -11 -10 -9 ------- Run | Yrd Mat Mat Traps Triggered . | . . . Indirectly . | . . . Trap Hack Attempts . | . . . Triggered . | . . . Disarmed . | . . . Reprogrammed . | . . . Reused . | . . . Traps Extracted . | . . . Installed . | . . . Triggered . | . . . Machines | -11 -10 -9 ---------- Run | Yrd Mat Mat Machines Disabled . | . . . Max in Single Turn . | . . . Machines Repaired . | . . . Machines Dismantled . | . . . Machines Sabotaged . | . . . Overloaded Fab Kills . | . . . Hacking | -11 -10 -9 --------- Run | Yrd Mat Mat Machines Accessed 10 | . 8 2 Terminals 10 | . 8 2 Fabricators . | . . . Repair Stations . | . . . Recycling Units . | . . . Scanalyzers . | . . . Garrison Access . | . . . Total Hacks 37 | . 27 10 Successful 25 | . 17 8 Failed 11 | . 9 2 Catastrophic 1 | . 1 . Database Lockouts 1 | . 1 . Manual 25 | . 20 5 Terminals 37 | . 27 10 Fabricators . | . . . Repair Stations . | . . . Recycling Units . | . . . Scanalyzers . | . . . Garrison Access . | . . . Terminal Hacks 14 | . 9 5 Robot Analysis 3 | . 2 1 Prototype ID Bank 3 | . 2 1 Emergency Access Points 1 | . 1 . Terminal Index 2 | . 1 1 Alert Level 1 | . . 1 Locate Traps 1 | . 1 . Transport Status 1 | . . 1 Registered Components 1 | . 1 . Zone Layout 1 | . 1 . Fabricator Hacks . | . . . Repair Station Hacks . | . . . Recycling Unit Hacks . | . . . Scanalyzer . | . . . Garrison Access Hacks . | . . . Unauthorized Hacks 11 | . 8 3 Terminals 11 | . 8 3 Botnet 4 | . 3 1 Skim 7 | . 5 2 Fabricators . | . . . Repair Stations . | . . . Recycling Units . | . . . Scanalyzers . | . . . Garrison Access . | . . . Data Cores Recovered 2 | . 2 . Used 1 | . 1 . Hacking Detections 10 | . 8 2 Full Trace Events . | . . . Feedback Events . | . . . Feedback Blocked . | . . . Robot Schematics Acquired . | . . . Robots Built . | . . . Authchips . | . . . Time . | . . . Total Robot Build Rating . | . . . Part Schematics Acquired . | . . . Parts Built . | . . . Authchips . | . . . Time . | . . . Total Part Build Rating . | . . . Parts Repaired . | . . . Time . | . . . Parts Recycled . | . . . Recycled Matter . | . . . Retrieved Matter . | . . . Retrieved Components . | . . . Parts Scanalyzed . | . . . Part Schematics Acquired . | . . . Parts Damaged . | . . . Bothacking | -11 -10 -9 ------------ Run | Yrd Mat Mat Used RIF Installer . | . . . Robots Hacked . | . . . Non-combat . | . . . Combat . | . . . Robot Hacks Applied . | . . . Relay Couplers Released . | . . . Fabnet Peak Effective % . | . . . Robots Rewired . | . . . Allies Hacked . | . . . Hacks Repelled . | . . . Allies | -11 -10 -9 -------- Run | Yrd Mat Mat Total Allies . | . . . Largest Group . | . . . Highest-Rated Group . | . . . Highest-Rated Ally . | . . . Total Orders . | . . . Ally Attacks . | . . . Total Damage . | . . . Kills . | . . . Allies Corrupted . | . . . Allies Melted . | . . . Intel | -11 -10 -9 ------- Run | Yrd Mat Mat Robot Analysis Total 3 | . 2 1 Derelict Logs Recovered . | . . . Drone Launches . | . . . Drone Recoveries . | . . . Exploration | -11 -10 -9 ------------- Run | Yrd Mat Mat Turns Passed 994 | 3 784 207 Spaces Moved 469 | 3 349 117 Core 9 | . . 9 Treads . | . . . Legs 163 | 3 71 89 Wheels 297 | . 278 19 Hover . | . . . Flight . | . . . Fastest Speed 50 | 120 80 50 Average Speed 96 | 120 90 111 Slowest Speed 150 | 120 120 150 Overloaded Moves . | . . . Propulsion Burnouts . | . . . Robots Hopped . | . . . Cave-ins Triggered . | . . . Exploration Rate (%) 28 | 1 70 14 Regions Visited 2 Branch Regions . Pre-discovered Areas 1 | . 1 . Known Exits Taken . | . . . Unknown Exits Taken 2 | 1 1 . Scrap Searched . | . . . Spaces Dug 2 | . . 2 Terrain Destroyed 14 | . 12 2 Melee 2 | . . 2 Projectile . | . . . AOE 12 | . 12 . Terrain Rammed . | . . . Walls Destroyed . | . . . Machines Disabled . | . . . Actions | -11 -10 -9 --------- Run | Yrd Mat Mat Total 884 | 2 726 156 Wait 314 | . 313 1 Move 467 | 2 348 117 Hop . | . . . Pick Up 6 | . 3 3 Fast Attach 6 | . . 6 Attach 5 | . 1 4 Detach . | . . . Swap 6 | . 5 1 Drop 5 | . 2 3 Fire 62 | . 52 10 Melee 10 | . . 10 Ram 1 | . . 1 Kick 2 | . 2 . Crush . | . . . Escape Stasis . | . . . Rewire . | . . . Trap . | . . . Miscellaneous . | . . . Route ------- -11/Scrapyard -10/Materials (discovered 5 exits: *Mat x3 / [*Min] / Sub) -9/Materials (discovered 2 exits: *Sto x2) History --------- Turn | Location | Event 1 | -11/Scrapyard | Discovered new exit (range 1) 4 | -11/Scrapyard | Entered Materials 72 | -10/Materials | Discovered new exit (range 14) 105 | -10/Materials | Discovered new exit (range 6) 266 | -10/Materials | Discovered new exit (range 11) 314 | -10/Materials | Build established: Mutant 317 | -10/Materials | Discovered new exit (range 13) 373 | -10/Materials | Central database locked down 416 | -10/Materials | Identified exit to Subcaves 482 | -10/Materials | Loaded intel: 22 trap records 621 | -10/Materials | Loaded intel: 1 repair station location 648 | -10/Materials | Learned 4 Recycling zone layouts 726 | -10/Materials | Learned location of Storage (-9) 788 | -10/Materials | Entered another Materials area 788 | -9/Materials | Evolved 2 slots: Propulsion x1, Utility x1 789 | -9/Materials | Identified exit to Storage 867 | -9/Materials | Lost 5 parts (1p3n1w) 990 | -9/Materials | Core integrity fell below 50% 992 | -9/Materials | Core integrity fell below 20% 995 | -9/Materials | Destroyed by Y-45 Defender with Beam Rifle Last Messages --------------- Found 6 active transport squads. Downloaded coordinate data. 00926_ U-05 Engineer builds a Wall. 00927_ Sneak attack on R-06 Scavenger. 00927_ R-06 Scavenger destroyed. 00930_ Acquired 10 matter. 00948_ R-06 Scavenger collects Corrupted Imp. Aluminum Leg. 00959_ K-01 Serf collects debris. 00959_ W-16 Scout sends out distress signal. 00963_ U-05 Engineer builds a Wall. 00971_ Aluminum Leg severed. 00976_ Acquired Aluminum Leg. 00978_ Aluminum Leg destroyed. 00981_ Imp. Aluminum Leg destroyed. 00983_ K-01 Serf collects debris. 00986_ Imp. Ion Engine destroyed. 00987_ Assault Rifle destroyed. 00989_ W-16 Scout sends out distress signal. 00992_ Critical hit (Burn: +37). 00992_ Slammed into Y-45 Defender. Map ----- +----------------------------------------------------+ | | | | | | | ?????????????????????????????????????????????????? | | ?????????????????????????????????????????????????? | | ?????????????????????????????????????????????????? | | ?????????????????????????????????????????????????? | | ?????????????????????????????????????????????????? | | ?????????????????????????????????????????????????? | | ???????????????????????????????????????????#####?? | | ???????????????????????? ???????????######## #?? | | ???????????????????????? T??????????# # #?? | | ???????????????????????? ??????????# """ # #?? | | ???????????????????????# ??????????# """ + #?? | | ???????????????????????# ??????????# """ # #?? | | ???????????????????????# ??????????# # #?? | | ???????????????????????# ??????????# # #?? | | ???????????????????????# #?????????######## #?? | | ???????????????????????# #??????????""""" # #?? | | ???????????????????????# #??????????""""" # #?? | | ???????????????????????# #??????????""""" + ### | | ???????????????????????# #????????# # | | ???????????????????????# #????????# # | | ??????????????????###??# #?##############?# | | ???????????????#### # ### ######## | | ?????????? @ # # # ### | | ?????????? > lY # # #?? | | ?????????? ##### ##+###kg # / ### | | ??????????????????## ??????# # # | | ???????????????????# ???????# # # | | ????????????????????????????# # # | | ????????????????????????????# #########+#### | | ????????????????????????????# #?????? ?? | | ????????????????????????????# ! #???? | | ????????????????????????????# #???# | | ????????????????????????????#########???# """ | | ????????????????????????????????????????# """"" | | ????????????????????????????????????????# """"" | | ????????????????????????????????????????# """"" | | ????????????????????????????????????????# ""??? | | ????????????????????????????????????????#####????? | | ?????????????????????????????????????????????????? | | ?????????????????????????????????????????????????? | | ?????????????????????????????????????????????????? | | ?????????????????????????????????????????????????? | | ?????????????????????????????????????????????????? | | ?????????????????????????????????????????????????? | | ?????????????????????????????????????????????????? | | ?????????????????????????????????????????????????? | | ?????????????????????????????????????????????????? | +----------------------------------------------------+ Best States ------------- Heat Dissipation 28 Energy Generation 12 Energy Capacity 265 Matter Stores 300 Matter Capacity 300 Sight Range 16 Terrain Scan Density 10 Evasion (%) 55 Targeting Accuracy 6 Offensive Hacking 20 Item Schematics ----------------- None Robot Schematics ------------------ None Fabricated ------------ Nothing Alien Tech Used ----------------- None Achievements -------------- None Challenges ------------ None Game ------ Seed LauncherSpliceRifle Manual? 0 Play Time 00:07:45 Cumulative 839.6 hours Start 2024.08.07 @ 13:59:29 End 2024.08.07 @ 14:06:12 Sessions 1 Manual Loads 0 Difficulty Rogue Special Mode None Game No. 997 Rogue 718 Adventurer 124 Explorer 155 Win Type - Total 35 Types 27/0/6/1/0/0/0/1/0 Lore% 71 Gallery% 88 Achievement% 78 Wizard Run 0 Options --------- Layout 0 ASCII 0 Keyboard 1 Movement Numpad Keybinds 0 Fullscreen 2 Font 18/Smallcaps Map View 76x50 Zoom Use 0% Tactical HUD 1 Map Filters NONE Filters NONE Steam 1 RUN: aaed0c47-0da2-4ebd-b3fb-afd2d098f074